 Dungeon Crawl Stone Soup version 0.32-a0-841-g4648e6c457 (webtiles) character file.

Game seed: 4247289878867863293

18 BubbleThief the Magician (level 2, -1/28 HPs)
             Began as an Oni Hedge Wizard on Mar 27, 2024.
             Succumbed to an adder's poison
             ... on level 2 of the Dungeon.
             The game lasted 00:02:37 (1068 turns).

BubbleThief the Magician (Oni Hedge Wizard)         Turns: 1068, Time: 00:02:37

Health: -1/28      AC:  3    Str: 13    XL:     2   Next: 66%
Magic:  1/7        EV:  8    Int: 15    God:
Gold:   87         SH:  0    Dex:  8    Spells: 4/9 levels left

rFire   . . .        a - +0 dagger
rCold   . . .        (no shield)
rNeg    . . .        b - +0 robe
rPois   .            c - +0 hat
rElec   .            (no cloak)
rCorr   .            (gloves unavailable)
SInv    .            (boots unavailable)
Will    .....        (no amulet)
Stlth   +            (no ring)
HPRegen 0.24/turn    (no ring)
MPRegen 0.10/turn

%: no passive effects
@: brilliant, lethally poisoned (-1 -> -11), very slightly contaminated,
invisible
A: large, unfitting armour, horns 1, tough skin 1, double potion healing,
drunken brawling
a: no special abilities


You were on level 2 of the Dungeon.
You visited 1 branch of the dungeon, and saw 2 of its levels.

You collected 87 gold pieces.

Inventory:

Hand Weapons
 a - a +0 dagger (weapon)
Armour
 b - a +0 robe (worn)
 c - a +0 hat (worn)
Scrolls
 e - 2 scrolls of identify {unknown}
 f - a scroll of vulnerability {unknown}
 i - a scroll of teleportation {unknown}
 j - a scroll of enchant weapon {unknown}
Potions
 d - a potion of magic


   Skills:
 + Level 2.0 Fighting
 - Level 1.7 Dodging
 - Level 1.4 Stealth
 + Level 4.1 Spellcasting
 - Level 0.8 Conjurations
 - Level 0.8 Summonings
 - Level 0.8 Translocations


You had 4 spell levels left.
You knew the following spells:

 Your Spells              Type           Power      Damage    Failure   Level
a - Magic Dart            Conj           32%        1d4       13%         1
b - Call Imp              Summ           16%        N/A       19%         2
c - Blink                 Tloc           16%        N/A       19%         2

Your spell library contained the following spells:

 Spells                   Type           Power      Damage    Failure   Level
 Slow                     Hex            16%        N/A       19%         1
 Cigotuvi's Dreadful Rot  Necr/Alch/Air  8%         N/A       26%         2
 Mephitic Cloud           Conj/Alch/Air  5%         N/A       43%         3
 Animate Dead             Necr           4%         N/A       87%         4
 Borgnjor's Vile Clutch   Necr/Erth      2%         N/A       99%         5
 Death Channel            Necr           2%         N/A       100%        6


Dungeon Overview and Level Annotations

Branches:
Dungeon (2/15)

Altars:


Innate Abilities, Weirdness & Mutations

You are too large for most types of armour.
You have a pair of small horns on your head.
You have tough skin. (AC +1)
You gain doubled healing and magic from potions.
Whenever you drink a healing potion, you attack all around you.


Message History

Nothing appears to happen.
The adder bites you.
You are poisoned.
The adder poisons you!
Aiming: Magic Dart (safe; 13% risk of failure)
Press: ? - help, Q - select action, (/) - cycle Shift-Dir - straight line, f/p - adder
Aim: an adder (100% to hit)
You miscast Magic Dart.
Nothing appears to happen.
You feel sick. The adder bites you.
You are more poisoned.
The adder poisons you! The adder barely misses you.
Aiming: Magic Dart (safe; 13% risk of failure)
Press: ? - help, Q - select action, (/) - cycle Shift-Dir - straight line, f/p - adder
Aim: an adder (100% to hit)
The magic dart hits the adder but does no damage.
You feel very sick. The adder barely misses you.
You aren't carrying any items that you can evoke.
It was a potion of brilliance.
You feel clever all of a sudden.
You feel sick. The adder bites you.
You are lethally poisoned!
The adder poisons you!
You closely miss the adder. Your headbutt misses the adder.
You feel very sick. The adder bites you but does no damage.
You closely miss the adder. Your headbutt misses the adder.
* * * LOW HITPOINT WARNING * * *
You feel sick. The adder bites you but does no damage. The adder bites you.
* * * LOW HITPOINT WARNING * * *
You are more poisoned.
The adder poisons you!
You closely miss the adder.
* * * LOW HITPOINT WARNING * * *
You feel very sick. The adder bites you.
* * * LOW HITPOINT WARNING * * *
It was a potion of invisibility.
You fade into invisibility!
You die...

.........###.#######..
.#.####..# # ...#..#
#.####.#..#
#.......$.#
.######..#####.
..K....K.......#
.######S######.#
.......@.).....
.#############.


You could see an adder (unable to see you) and a kobold (unable to see you).

Vanquished Creatures
  A dart slug (D:2)
  2 endoplasms (D:1)
  2 hobgoblins
  A quokka (D:2)
  A ball python (D:2)
  3 bats
  5 frilled lizards (D:1)
  A kobold (D:1)
  A rat (D:1)
17 creatures vanquished.

Notes
Turn   | Place    | Note
-------+----------+-------------------------------------------
     0 | D:1      | BubbleThief the Oni Hedge Wizard began the quest for the
                  | Orb.
     0 | D:1      | Reached XP level 1. HP: 16/16 MP: 5/5
   182 | D:1      | Reached skill level 1 in Fighting
   336 | D:1      | Reached XP level 2. HP: 27/27 MP: 2/6
   576 | D:1      | Reached skill level 4 in Spellcasting
   677 | D:1      | Learned a level 2 spell: Call Imp
   680 | D:1      | Learned a level 2 spell: Blink
  1053 | D:2      | Found a faded altar of an unknown god.
  1067 | D:2      | HP: 1/28 [adder (1)]
  1068 | D:2      | Succumbed to an adder's poison

Illustrated notes

Levels and vault maps discovered:
D:1:      doesnt_arrival_eight_statues, layout_rooms, nicolae_figureground_pulse
D:2:      layout_basic, dreamdust_ecumenical_altar_grove, grunt_decor_junction,
          minmay_pentomino_p2

Skill      XL: |  1  2 |
---------------+-------+-----
Fighting       | 1 2 |  2.0
Spellcasting   | 4 |  4.1
Dodging        | |  1.7
Stealth        | |  1.4
Conjurations   | |  0.8
Summonings     | |  0.8
Translocations | |  0.8

Action                     || total
---------------------------++-------
  Melee: Dagger            ||     8
   Cast: Magic Dart        ||    41
    Use: Potion            ||     2
 Armour: Robe              ||    14
  Dodge: Dodged            ||     7

Table legend: (Time is in decaauts)
 A = Elapsed time spent in this place.
 B = Non-inter-level travel time spent in this place.
 C = Inter-level travel time spent in this place.
 D = Time resting spent in this place.
 E = Time spent auto-exploring this place.
 F = Levels seen in this place.
 G = Mean time per level.
                   A        B        C        D        E       F      G
               +--------+--------+--------+--------+--------+-----+--------+
         Total |   1068 |   1034 |     34 |     26 |    846 |   2 |  534.0 |
       Dungeon |   1068 |   1034 |     34 |     26 |    846 |   2 |  534.0 |
               +--------+--------+--------+--------+--------+-----+--------+

Top non-repeatable levels by time:
     D:1: 744 daAuts
     D:2: 323 daAuts
